 Dungeon Crawl Stone Soup version 0.26-a0-639-g72c4674329 (webtiles) character file.

Game seed: 8849654115795258538

65 wvc the Covered (level 4, -2/34 HPs)
             Began as a Gnoll Wanderer on Sept 16, 2020.
             Killed from afar by Natasha (5 damage)
             ... with a magic dart
             ... on level 2 of the Dungeon.
             The game lasted 00:02:40 (1274 turns).

wvc the Covered (Gnoll Wanderer)                    Turns: 1274, Time: 00:02:40

Health: -2/34      AC:  3    Str:  9 (12) XL:     4   Next: 13%
Magic:  5/5        EV: 12    Int: 15 (16) God:
Gold:   62         SH:  0    Dex: 15 (16) Spells: 5/5 levels left

rFire    . . .     SeeInvis .   c - +0 spear
rCold    . . .     Faith    .   (no shield)
rNeg     . . .     Spirit   .   g - +0 leather armour
rPois    .         Reflect  .   (no helmet)
rElec    .         Harm     .   (no cloak)
rCorr    .         Rampage  .   (no gloves)
MR       .....                  (no boots)
Stlth    ++........             (no amulet)
HPRegen  0.11/turn              h - ring of wizardry
MPRegen  0.09/turn              (no ring)

@: mighty
A: distributed training, fangs 1, strong nose
a: no special abilities


You were on level 2 of the Dungeon.
You visited 1 branch of the dungeon, and saw 2 of its levels.

You collected 62 gold pieces.

Inventory:

Hand Weapons
 a - a +2 shortbow
 c - a +0 spear (weapon)
 i - a +0 short sword of venom
Missiles
 b - 23 arrows
 e - 11 poisoned darts (quivered)
Armour
 g - a +0 leather armour (worn)
Jewellery
 h - a ring of wizardry (left hand)
 l - an uncursed ring of resist corrosion
 m - a +4 ring of evasion {unknown}
Scrolls
 d - a scroll of teleportation
 f - a scroll of remove curse {unknown}
 k - 2 scrolls of identify {unknown}
 p - a scroll of immolation {unknown}
Potions
 o - a potion of flight {unknown}


   Skills:
 + Level 2.7 Fighting
 + Level 1.0 Short Blades
 + Level 1.0 Long Blades
 + Level 1.0 Axes
 + Level 1.0 Maces & Flails
 + Level 4.6 Polearms
 + Level 1.0 Staves
 + Level 1.0 Slings
 + Level 4.6 Bows
 + Level 1.0 Crossbows
 + Level 4.6 Throwing
 + Level 4.6 Armour
 + Level 2.7 Dodging
 + Level 1.0 Stealth
 + Level 1.0 Shields
 + Level 1.0 Unarmed Combat
 + Level 1.0 Spellcasting
 + Level 0.8 Conjurations
 + Level 0.8 Hexes
 + Level 0.8 Summonings
 + Level 0.8 Necromancy
 + Level 0.8 Translocations
 + Level 0.8 Transmutations
 + Level 0.8 Fire Magic
 + Level 0.8 Ice Magic
 + Level 0.8 Air Magic
 + Level 0.8 Earth Magic
 + Level 0.8 Poison Magic
 + Level 1.1 Invocations
 + Level 1.0 Evocations


You had 5 spell levels left.
You didn't know any spells.
Your spell library was empty.

Dungeon Overview and Level Annotations

Branches:
Dungeon (2/15)

Altars:
Dithmenos

Annotations:
D:2 Natasha


Innate Abilities, Weirdness & Mutations

Your experience applies equally to all skills.
You have very sharp teeth.
Your uncanny sense of smell can sniff out nearby items.


Message History

Natasha is lightly wounded.
Natasha extends her claws.
Natasha claws you.
* * * LOW HITPOINT WARNING * * *
You hit Natasha. Your bite misses Natasha.
Natasha is heavily wounded.
Natasha claws you.
* * * LOW HITPOINT WARNING * * *
You hit Natasha. You bite Natasha.
Natasha is severely wounded.
It was a potion of degeneration.
There was something very wrong with that liquid.
You feel weakened.
You feel dopey.
You feel clumsy. Natasha claws you.
* * * LOW HITPOINT WARNING * * *
It was a potion of might.
You feel very mighty all of a sudden.
Natasha stares at you and mumbles some strange words.
The magic dart hits you.
You die...

#)#..#####
###).......# .
+..........#
...####.......#
..............#
######........+
#........#
##h#§.####
#.@§#... ∆
#§#§#§#§##
#.§§§§§§..#
#.#§#§#§### #.
##§§§#.# #. ...
# ... ... ...


You could see Natasha.

Vanquished Creatures
  Jessica (D:2)
  An adder (D:1)
  A dart slug (D:1)
  2 leopard geckos (D:1)
  2 giant cockroaches (D:1)
  5 hobgoblins
  5 bats (D:1)
  A goblin (D:1)
  3 kobolds (D:1)
  6 rats (D:1)
27 creatures vanquished.

Notes
Turn   | Place    | Note
-------+----------+-------------------------------------------
     0 | D:1      | wvc the Gnoll Wanderer began the quest for the Orb.
     0 | D:1      | wvc set off with the following items: a +2 shortbow, 23
                  | arrows, a +0 spear, a scroll of teleportation, a +0 robe
     0 | D:1      | Reached XP level 1. HP: 17/17 MP: 1/1
   183 | D:1      | Reached XP level 2. HP: 23/23 MP: 2/2
   641 | D:1      | Reached XP level 3. HP: 28/28 MP: 3/3
   848 | D:2      | Noticed Jessica
   868 | D:1      | Reached skill level 1 in Invocations
  1195 | D:2      | Killed Jessica
  1195 | D:2      | Reached skill level 1 in Short Blades
  1195 | D:2      | Reached skill level 1 in Long Blades
  1195 | D:2      | Reached skill level 1 in Axes
  1195 | D:2      | Reached skill level 1 in Maces & Flails
  1195 | D:2      | Reached skill level 1 in Staves
  1195 | D:2      | Reached skill level 1 in Slings
  1195 | D:2      | Reached skill level 1 in Crossbows
  1195 | D:2      | Reached skill level 1 in Stealth
  1195 | D:2      | Reached skill level 1 in Shields
  1195 | D:2      | Reached skill level 1 in Unarmed Combat
  1195 | D:2      | Reached skill level 1 in Spellcasting
  1195 | D:2      | Reached skill level 1 in Evocations
  1195 | D:2      | Reached XP level 4. HP: 29/34 MP: 5/5
  1257 | D:2      | Noticed Natasha
  1260 | D:2      | Found a shadowy altar of Dithmenos.
  1274 | D:2      | Killed from afar by Natasha

Illustrated notes

Levels and vault maps discovered:
D:1:      lemuel_arrival_rhombus, layout_loops_cross
D:2:      layout_basic, grunt_dithmenos_smoke_and_mirrors, chequers_mini_garden,
          minmay_strange_pillars, uniq_natasha, uniq_terence, uniq_robin,
          uniq_jessica

Skill      XL: |  1  2  3 |
---------------+----------+-----
Invocations    | 1 |  1.1
Short Blades   | 1 |  1.0
Long Blades    | 1 |  1.0
Axes           | 1 |  1.0
Maces & Flails | 1 |  1.0
Staves         | 1 |  1.0
Slings         | 1 |  1.0
Crossbows      | 1 |  1.0
Stealth        | 1 |  1.0
Shields        | 1 |  1.0
Unarmed Combat | 1 |  1.0
Spellcasting   | 1 |  1.0
Evocations     | 1 |  1.0
Fighting       | |  2.7
Polearms       | |  4.6
Bows           | |  4.6
Throwing       | |  4.6
Armour         | |  4.6
Dodging        | |  2.7
Conjurations   | |  0.8
Hexes          | |  0.8
Summonings     | |  0.8
Necromancy     | |  0.8
Translocations | |  0.8
Transmutations | |  0.8
Fire Magic     | |  0.8
Ice Magic      | |  0.8
Air Magic      | |  0.8
Earth Magic    | |  0.8
Poison Magic   | |  0.8

Action                   |  1- 3 |  4- 6 || total
-------------------------+-------+-------++-------
Melee: Spear             |   103 |    10 ||   113
       Bite              |    10 |     2 ||    12
       Punch             |     1 |       ||     1
Throw: Dart              |     4 |       ||     4
  Use: Potion            |       |     2 ||     2
 Stab: Sleeping          |     3 |       ||     3
Armor: Leather armour    |    14 |       ||    14
Dodge: Dodged            |    50 |     3 ||    53

Table legend: (Time is in decaauts)
 A = Elapsed time spent in this place.
 B = Non-inter-level travel time spent in this place.
 C = Inter-level travel time spent in this place.
 D = Time resting spent in this place.
 E = Time spent auto-exploring this place.
 F = Levels seen in this place.
 G = Mean time per level.
                   A        B        C        D        E       F      G
               +--------+--------+--------+--------+--------+-----+--------+
         Total |   1258 |   1231 |     27 |    294 |    681 |   2 |  629.0 |
       Dungeon |   1258 |   1231 |     27 |    294 |    681 |   2 |  629.0 |
               +--------+--------+--------+--------+--------+-----+--------+

Top non-repeatable levels by time:
     D:1: 1149 daAuts
     D:2: 109 daAuts
